Map: Proxima Station LE

Players

McMonroe

  • Race: Zerg Zerg
  • Spawn Location: 7:00

Optimus - Winner!

  • Race: Terran Terran
  • Spawn Location: 1:00

Event: WCS Austin 2017

VOD

Have the link to the VOD?

Description

Time

  • Played on: April 28, 2017, 6:25 p.m.
  • Length: 10:45

All games in this series

Show
View Real Time Build Order
Export as new Build Order

McMonroe Zerg 

Build Orders: Hatch First, Muta Ling Bane 

Get SALT Encoding   

  12  0:00  Drone  
  13  0:12  Overlord  
  13  0:17  Drone  
  14  0:31  Drone x2  
  14  0:34  Drone  
  17  0:52  Hatchery  
  17  0:55  Drone  
  17  1:10  Spawning Pool  
  17  1:11  Drone  
  17  1:15  Drone  
  18  1:19  Drone  
  19  1:28  Drone  
  20  1:41  Hatchery  
  19  1:56  Queen  
  19  1:57  Zergling x2  
  22  2:04  Queen, Zergling x2  
  25  2:10  Overlord  
  25  2:13  Drone  
  26  2:16  Drone  
  26  2:18  Drone  
  28  2:29  Drone x2  
  30  2:34  Drone  
  30  2:35  Queen  
  33  2:42  Queen  
  34  2:45  Drone  
  34  2:50  Overlord  
  35  2:55  Drone  
  35  2:56  Drone  
  37  2:59  Drone  
  37  3:02  Drone  
  39  3:07  Drone x3  
  42  3:18  Queen, Overlord  
  44  3:21  Drone x2  
  46  3:28  Extractor  
  46  3:29  Drone x4, Extractor  
  48  3:36  Zergling x4  
  48  3:38  Overlord  
  48  3:41  Zergling x4  
  52  3:43  Overlord  
  52  3:53  Drone x3  
  52  3:54  Queen  
  55  4:06  Drone x7  
  62  4:13  Evolution Chamber  
  62  4:14  Drone  
  62  4:17  Drone x2  
  64  4:26  Evolution Chamber  
  64  4:27  Drone x3  
  64  4:28  Overlord  
  66  4:31  Overlord  
  66  4:34  Metabolic Boost  
  66  4:37  Overlord  
  66  4:43  Extractor x2  
  66  4:44  Drone x2  
  66  4:49  Zergling x12  
  72  4:56  Spore Crawler  
  72  4:57  Spore Crawler  
  72  4:58  Spore Crawler  
  72  4:59  Zerg Ground Armor Level 1  
  69  5:02  Drone x2  
  71  5:07  Drone x4  
  71  5:12  Drone x3  
  78  5:15  Overlord  
  78  5:17  Overlord  
  78  5:20  Overlord  
  78  5:24  Overlord  
  78  5:28  Lair  
  78  5:31  Baneling Nest  
  78  5:34  Drone x2  
  78  5:35  Drone  
  80  5:49  Drone x10  
  88  5:59  Overlord  
  88  6:04  Drone x9  
  94  6:15  Zergling x6  
  96  6:20  Zergling x2  
  96  6:23  Zerg Melee Weapons Level 1  
  96  6:24  Zergling x2  
  98  6:27  Overlord x2  
  97  6:37  Drone x2  
  97  6:38  Drone x2  
  102  6:40  Zergling x6, Hatchery  
  102  6:41  Extractor  
  102  6:49  Extractor  
  102  6:51  Centrifical Hooks  
  102  6:53  Zergling x6  
  104  6:55  Zerg Ground Armor Level 2, Hatchery  
  104  6:57  Zergling x4  
  105  7:02  Overseer, Baneling x8  
  105  7:06  Drone x3  
  106  7:16  Zergling x8  
  106  7:17  Zergling x4  
  112  7:26  Zergling x10  
  116  7:30  Zergling x12  
  116  7:31  Overlord  
  116  7:35  Spire  
  118  7:49  Overseer  
  117  7:52  Queen  
  117  7:53  Drone x6  
  117  7:58  Drone x3  
  110  7:59  Drone x3, Queen  
  110  8:02  Zergling x2  
  114  8:09  Zergling x12, Spore Crawler  
  119  8:13  Baneling x10  
  119  8:14  Baneling x4  
  119  8:18  Zergling x8  
  123  8:24  Zergling x2  
  124  8:27  Baneling x10  
  124  8:33  Zergling x2  
  124  8:34  Zergling x16  
  129  8:43  Zergling x10  
  133  8:49  Drone x3  
  133  8:51  Zerg Flyer Weapons Level 1  
  133  8:53  Drone  
  137  8:58  Mutalisk x2  
  137  9:01  Overlord x3  
  141  9:05  Baneling x6  
  140  9:14  Mutalisk x2  
  142  9:23  Extractor  
  140  9:28  Mutalisk x5  
  141  9:33  Zergling x8  
  134  9:51  Zergling x12  
  134  9:52  Zergling x26  
  138  9:55  Baneling x6  
  138  9:56  Baneling  
  124  10:08  Baneling x5  
  124  10:09  Baneling x2  
  124  10:10  Zergling x14  
  105  10:22  Overseer  
  105  10:23  Overseer  
  105  10:25  Zergling x20  
  117  10:29  Drone x3  
  117  10:31  Baneling  
Show
View Real Time Build Order
Export as new Build Order

Optimus Terran - Winner!

Build Orders: Hellion Opening, Reaper Expand, MMM Bio 

Get SALT Encoding   

  12  0:00  SCV  
  13  0:12  SCV  
  14  0:17  Supply Depot  
  14  0:24  SCV  
  15  0:29  Refinery  
  15  0:39  SCV  
  16  0:45  Barracks  
  16  0:51  SCV  
  17  1:03  SCV  
  18  1:15  SCV  
  19  1:31  Orbital Command  
  19  1:32  Reaper  
  20  1:43  Command Center  
  20  1:55  Factory  
  20  1:58  SCV  
  21  2:06  Barracks Reactor  
  21  2:07  Supply Depot  
  21  2:11  SCV  
  22  2:17  Refinery  
  22  2:23  SCV  
  23  2:35  SCV  
  24  2:45  Starport  
  24  2:47  SCV  
  24  2:50  Hellion x2  
  24  2:51  Barracks Tech Lab  
  29  2:57  Orbital Command  
  29  2:59  SCV  
  30  3:11  Hellion x2  
  34  3:13  SCV  
  35  3:24  Marine  
  35  3:25  SCV  
  37  3:27  Viking, SCV  
  37  3:34  Supply Depot  
  40  3:38  SCV  
  41  3:41  Hellion  
  41  3:42  Hellion  
  41  3:44  SCV  
  47  3:55  SCV  
  47  3:56  Supply Depot  
  47  3:57  SCV  
  46  4:06  Hellion x2  
  46  4:07  SCV  
  46  4:08  Raven  
  46  4:09  SCV  
  47  4:23  SCV  
  48  4:24  SCV  
  48  4:29  Command Center  
  49  4:32  Barracks Tech Lab  
  49  4:37  SCV  
  50  4:40  Factory Reactor, Barracks  
  50  4:42  SCV  
  50  4:43  Barracks  
  51  4:49  SCV  
  51  4:51  Engineering Bay  
  52  4:53  Raven, Engineering Bay  
  52  4:54  SCV  
  52  4:56  Marine  
  56  5:01  SCV  
  57  5:08  Barracks, SCV  
  57  5:10  Barracks  
  57  5:14  SCV  
  59  5:15  Refinery  
  59  5:19  Terran Infantry Armor Level 1, Terran Infantry Weapons Level 1  
  59  5:21  SCV  
  60  5:23  Marine  
  60  5:26  Stimpack  
  61  5:29  SCV  
  62  5:40  Supply Depot, Refinery, Marine x3, SCV  
  66  5:44  Orbital Command  
  66  5:46  Starport Reactor  
  66  5:47  SCV  
  67  5:52  SCV  
  67  5:54  Marine x2  
  67  5:55  Factory Reactor  
  67  5:56  Barracks Reactor  
  70  5:57  Barracks Reactor  
  70  5:58  Marine  
  70  5:59  Marine x2  
  73  6:08  SCV x2  
  75  6:11  Marine  
  75  6:13  Marine  
  75  6:15  SCV  
  78  6:20  SCV  
  78  6:22  Medivac, Marine x3  
  78  6:24  Orbital Command  
  78  6:25  Supply Depot, SCV  
  85  6:26  Medivac  
  85  6:29  Marine  
  85  6:31  Marine  
  85  6:32  Widow Mine x2  
  93  6:37  Armory  
  93  6:46  Marine x3  
  93  6:47  Marine, SCV x2  
  93  6:51  SCV  
  93  6:52  Marine  
  93  6:54  Marine x2  
  101  7:07  Supply Depot  
  101  7:08  Marine, SCV x2  
  101  7:11  SCV  
  101  7:12  Refinery  
  101  7:14  Supply Depot, Marine x2  
  107  7:18  Barracks  
  107  7:19  Barracks x2  
  107  7:20  SCV  
  108  7:25  Terran Infantry Weapons Level 2, Terran Infantry Armor Level 2  
  108  7:29  Marine  
  107  7:30  Marine x4  
  107  7:31  SCV  
  107  7:34  Medivac  
  115  7:40  Combat Shields  
  115  7:41  Marine x3  
  115  7:42  Marine  
  115  7:43  SCV  
  120  7:47  Supply Depot, Marine  
  120  7:48  Medivac  
  123  7:55  Widow Mine  
  125  8:02  Widow Mine  
  125  8:06  Barracks Tech Lab x3  
  125  8:07  Supply Depot x2  
  125  8:08  Factory, Marine  
  125  8:11  Marine x5  
  131  8:16  Supply Depot  
  131  8:18  Medivac  
  133  8:28  Medivac, Marine x4, SCV x3  
  133  8:29  Supply Depot  
  133  8:31  Concussive Shells  
  133  8:32  Supply Depot  
  142  8:38  Marauder x3  
  148  8:41  Marine x3  
  148  8:46  Widow Mine x2  
  148  8:48  Medivac  
  157  8:52  Factory Tech Lab  
  157  8:55  Marine  
  157  8:56  Marauder, Marine  
  157  8:59  Marauder, Marine  
  157  9:00  Supply Depot  
  164  9:03  Medivac  
  164  9:08  Marine  
  167  9:16  Marauder x2, Marine x2  
  173  9:22  Marauder, Marine x6  
  177  9:26  Marine  
  162  9:31  Widow Mine x2  
  162  9:33  Widow Mine  
  162  9:34  Marine x2  
  162  9:37  Marauder x2  
  172  9:39  Marine x2  
  172  9:40  Marauder  
  172  9:41  Marine  
  172  9:42  Marine x2  
  172  9:43  Marine  
  171  9:49  Medivac x2  
  155  9:55  Marine  
  155  9:56  Marine x2  
  155  9:57  Marine x2  
  155  9:59  Marauder x2, Marine x2  
  165  10:01  Marauder x2  
  156  10:07  Marine  
  156  10:08  Widow Mine x2  
  156  10:13  Marine x3  
  160  10:15  Marine  
  148  10:25  Marine x8  
Tags
 
Add a new tag
Caveats
  • Supply blocks, unpowered buildings, or Contaminate may cause inaccurate times.
  • Supply counts are checked every 10 seconds.